[Event "*** Titled Tuesday Blitz"]
[Site "Chess.com"]
[Date "2021.04.20"]
[Round "11"]
[White "moro182"]
[Black "Legendinunknown"]
[Result "1-0"]
[WhiteElo "2717"]
[BlackElo "2591"]
[TimeControl "180+1"]
[EndTime "12:08:43 PDT"]
[Termination "moro182 won by resignation"]

1. d4 Nf6 2. c4 g6 3. Nc3 Bg7 4. e4 d6 5. Bd3 O-O 6. Nge2 e5 7. d5 Nbd7 8. O-O Nc5 9. Bc2 a5 10.
f3 Ne8 11. Be3 f5 12. exf5 gxf5 13. f4 e4 14. Nd4 Nf6 15. h3 Kh8 16. Qd2 Rg8 17.
b3 Qe8 18. a3 Bh6 19. Ncb5 Qf7 20. b4 Na6 21. Bb3 Bd7 22. Rac1 Rg3 23. Ne2 Rg6 24. Nbd4 Rag8 25. Rf2 Qg7 26. Nc3 Rg3 27. Ne6 Qg6 28. Nb5 Rxh3 29. Ng5 Rg3 30. Bd4 Bg7 31. Rc3 Rg4 32.
Rh3 h6 33. Ne6 axb4 34. Nxg7 Rxg7 35. axb4 Kh7 36. Qb2 Rf7 37. Bc3 Nh5 38. Qd2 Rg3 39.
Rxg3 Qxg3 40. Qc1 Be8 41. Nd4 Bd7 42. Ne6 Nf6 43. Bd1 Ng4 44. Bxg4 Qxg4 45. Qe3 Qd1+ 46.
Kh2 Qh5+ 47. Kg1 Bxe6 48. dxe6 Re7 49. Qd4 Qe8 50. g4 Nxb4 51. Bxb4 c5 52. Qd5 cxb4 53. Qxf5+ Kg8 54. g5 Rxe6 55. gxh6 Rg6+ 56. Rg2 Rxg2+ 57. Kxg2 e3 58. Qg5+ Kf7 59. Qg7+ Ke6 60. Kf3 Qh5+ 61. Kxe3 Qh3+ 62. Kf2 Qh2+ 63. Ke3 Qh3+ 64. Ke4 Qf5+ 65. Kd4 Qxf4+ 66. Kd3 Qf1+ 67. Kd2 Qf2+ 68. Kd3 Qf3+ 69. Kc2 Qe4+ 70. Kb2 Qe2+ 71. Kb3 Qd1+ 72. Kxb4 Qb1+ 73. Kc3 Qa1+ 74. Kd3 Qd1+ 75. Ke3 Qc1+ 76. Kf3 Qf1+ 77. Ke3 Qe1+ 78. Kd3 Qd1+ 79. Ke4 Qe2+ 80. Kd4 Qd2+ 81. Ke4 Qc2+ 82. Kd4 Qf2+ 83. Kd3 Qf1+ 84. Kd2 Qf4+ 85. Ke2 Qe4+ 86. Kf2 Qf4+ 87. Kg2 Qd2+ 88. Kh3 Qe3+ 89. Kh4 Qf2+ 90. Qg3 Qd4+ 91. Qg4+ Qxg4+ 92. Kxg4 Kf6 93. Kh5 Kf7 94. Kg5 Kg8 95. Kg6 Kh8 96. Kf6 Kh7 97. Ke6 Kxh6 98. Kxd6 Kg6 99. Kc7 Kf6 100. Kxb7 Ke6 101. c5 1-0